 Dungeon Crawl Stone Soup version 0.18-a0-867-gfd1cc8f (webtiles) character file.

195 Raultor the Insei (level 5, -11/46 HPs)
             Began as a Draconian Monk on Dec 21, 2015.
             Was a Believer of Ashenzari.
             Mangled by an ogre
             ... wielding a +0 giant club
              (32 damage)
             ... on level 4 of the Dungeon.
             The game lasted 00:04:18 (1843 turns).

Raultor the Insei (Draconian Monk)                  Turns: 1843, Time: 00:04:19

Health: -11/46     AC: 11    Str: 14    XL:     5   Next: 45%
Magic:  5/5        EV: 13    Int: 10    God:    Ashenzari [**....]
Gold:   150        SH:  0    Dex: 14    Spells: 0 memorised, 4 levels left

rFire  . . .     SeeInvis .       - Unarmed
rCold  . . .     Gourm    .     (armour unavailable)
rNeg   . . .     Faith    .     (no shield)
rPois  .         Spirit   .     (helmet restricted)
rElec  .         Dismiss  .     i - +1 cloak
rCorr  .         Reflect  .     (no gloves)
SustAt .         Harm     .     w - +0 pair of boots
MR     .....                    (no amulet)
Stlth  ++........               (no ring)
                                k - +3 ring of protection

@: not resistant to hostile enchantments, unstealthy
A: unfitting armour, cold-blooded, AC +5
a: Scrying, Renounce Religion


You were on level 4 of the Dungeon.
You worshipped Ashenzari.
Ashenzari was pleased with you.
You were not hungry.

You visited 1 branch of the dungeon, and saw 4 of its levels.

You collected 150 gold pieces.

Inventory:

Missiles
 g - a throwing net (quivered) {=f, !d}
Armour
 i - a +1 cloak (worn)
   (You found it on level 1 of the Dungeon)
 w - a +0 pair of boots (worn)
   (You found it on level 3 of the Dungeon)
Jewellery
 k - a +3 ring of protection (left hand)
   (You found it on level 1 of the Dungeon)
Scrolls
 b - 3 scrolls of magic mapping {unknown}
 d - 4 scrolls of identify {unknown}
 f - 2 scrolls of enchant armour {unknown}
 h - a scroll of recharging {unknown}
 p - a scroll of enchant weapon {unknown}
 u - a scroll of remove curse
Potions
 c - a potion of might {unknown}
 e - a potion of cancellation {unknown}
 j - 4 potions of haste {unknown}
 l - a potion of flight {unknown}
 m - a potion of magic {unknown}
 n - 2 potions of lignification {unknown}
 o - a potion of invisibility {unknown}
 q - a potion of poison {unknown}
 r - a potion of resistance {unknown}
 s - a potion of ambrosia {unknown}
 t - 2 potions of brilliance {unknown}
 v - 2 potions of heal wounds {unknown}
 A - a potion of curing {unknown}
Comestibles
 a - 6 bread rations {@e1}
 x - 2 beef jerkies
 B - a royal jelly


   Skills:
 + Level 4.2 Fighting
 + Level 3.7 Dodging
 - Level 1.7 Stealth
 * Level 5.5 Unarmed Combat


You had 4 spell levels left.
You didn't know any spells.

Dungeon Overview and Level Annotations

Branches:
Dungeon (4/15)
 Temple: D:4-7

Altars:
Ashenzari
Dithmenos
Elyvilon
Gozag
Ru
Trog
Yredelemnul
The Shining One

Annotations:
D:2 1 runed door


Innate Abilities, Weirdness & Mutations

Your plain brown scales are hard (AC +5).
Your body does not fit into most forms of armour.
You are cold-blooded and may be slowed by cold attacks.


Message History

A - a black potion
a - 6 bread rations {@e1} (gained 1)
You see here an uncursed hand axe.
There is a stone staircase leading down here.
Found an escape hatch in the ceiling.
There is a stone staircase leading down here.
Found an escape hatch in the floor.
B - a royal jelly All of the chunks of flesh in your inventory have rotted away.
Done exploring.
A goblin comes into view. It is wielding a club.
The goblin shouts!
You can't go down here!
You hit the goblin.
You kill the goblin!
No target in view!
Things that are here:
an uncursed club; a goblin corpse An uncursed club.
There is something else lying underneath.
The floor, spattered with blood.
You butcher the goblin corpse.
z - a chunk of flesh {@w0}
Things that are here:
an uncursed club; a goblin skeleton
There is a stone staircase leading down here.
You climb downwards.
WhatIsLove's ghost (amateur Octopode Conjurer) comes into view.
There is a stone staircase leading up here.
You barely miss WhatIsLove's ghost.
WhatIsLove's ghost turns its malevolent gaze towards you.
You tail-slap WhatIsLove's ghost. WhatIsLove's ghost barely misses you.
You miss WhatIsLove's ghost. You tail-slap WhatIsLove's ghost.
WhatIsLove's ghost barely misses you.
You hit WhatIsLove's ghost. WhatIsLove's ghost hits you.
You take 5 damage, and have 28/33 hp.
You hit WhatIsLove's ghost.
WhatIsLove's ghost hits you but does no damage.
You punch WhatIsLove's ghost!
WhatIsLove's ghost screams, "To die, to sleep, no more."
WhatIsLove's ghost hits you.
You take 5 damage, and have 23/33 hp.
You hit WhatIsLove's ghost.
WhatIsLove's ghost stares at you and mumbles some strange words.
The magic dart hits you!
You take 5 damage, and have 18/33 hp.
You hit WhatIsLove's ghost. WhatIsLove's ghost barely misses you.
You hit WhatIsLove's ghost.
WhatIsLove's ghost hits you but does no damage.
You hit WhatIsLove's ghost. You punch WhatIsLove's ghost!
You destroy WhatIsLove's ghost!
Your Fighting skill increases to level 4!
Your Unarmed Combat skill increases to level 5!
You have reached level 4!
You feel stronger.
You have reached level 5!
You regained 7 hp, and now have 25/46 hp.
MP restored: 5 You start resting.
Eating a chunk of flesh {@w0}.
You continue eating. x2
Health restored: 46
x - 2 beef jerkies (gained 1)
You see here an uncursed robe.
An adder skeleton comes into view.
You hit the adder skeleton. The adder skeleton barely misses you.
You hit the adder skeleton. The adder skeleton misses you.
You closely miss the adder skeleton.
The adder skeleton bites you but does no damage.
You punch the adder skeleton!
You destroy the adder skeleton!
No target in view!
A worker ant comes into view.
The worker ant twitches its antennae in your direction.
You hit the worker ant but do no damage.
You tail-slap the worker ant. The worker ant misses you.
You hit the worker ant. The worker ant completely misses you.
The worker ant bites you but does no damage.
You hit the worker ant. The worker ant closely misses you.
You punch the worker ant!
You kill the worker ant!
An ogre comes into view. It is wielding a giant club.
The ogre shouts!
You hit the ogre. The ogre misses you.
You barely miss the ogre. You hit the ogre.
The ogre hits you with a giant club!
You take 13 damage, and have 33/46 hp.
MASSIVE DAMAGE!!
You hit the ogre. The ogre hits you with a giant club!
You take 10 damage, and have 23/46 hp.
MASSIVE DAMAGE!!
You closely miss the ogre. You tail-slap the ogre. You hit the ogre.
The ogre hits you with a giant club.
You take 3 damage, and have 20/46 hp.
You punch the ogre! The ogre barely misses you.
You completely miss the ogre. You closely miss the ogre.
The ogre hits you with a giant club!!
Ouch! That really hurt!
You die...

, , #.* * .. ##. * * *
#..* . ,#.# ##. * # #.#
###.. , #####.##.# ##.#.#
### * #.....O@.###.#..#
##.## ,
*#..#.$##.##.###.####...#
* , ,#. #.#.##...........
* * # ,#......#.####...#
** * , *,, #####.#..#
##.## , * ##...# #.# * ,
##.## ##.# , ,,, * #.#
#..#


You could see an ogre.

Vanquished Creatures
  The ghost of WhatIsLove the Magician, an amateur OpCj (D:4)
  A worker ant (D:4)
  A gnoll (D:1)
  An adder (D:2)
  2 oozes
  An adder skeleton (D:4)
  An orc (D:3)
  2 giant cockroaches (D:1)
  4 goblins
  5 hobgoblins
  A quokka (D:2)
  3 bats
  5 giant newts
  4 kobolds
  2 rats
34 creatures vanquished.

Notes
Turn   | Place    | Note
--------------------------------------------------------------
     0 | D:1      | Raultor the Draconian Monk began the quest for the Orb.
     0 | D:1      | Reached XP level 1. HP: 19/19 MP: 1/1
    86 | D:1      | Reached XP level 2. HP: 23/26 MP: 2/2
   445 | D:1      | Reached skill level 3 in Dodging
   741 | D:2      | Found a runed door.
   741 | D:2      | Noticed a human
   745 | D:2      | Found a basalt altar of Yredelemnul.
   790 | D:2      | Reached XP level 3. HP: 31/31 MP: 3/3
  1141 | D:3      | Found a bloodstained altar of Trog.
  1144 | D:3      | Found an opulent altar of Gozag.
  1149 | D:3      | Found a glowing golden altar of the Shining One.
  1151 | D:3      | Found a shattered altar of Ashenzari.
  1151 | D:3      | Found a shadowy altar of Dithmenos.
  1152 | D:3      | Found a white marble altar of Elyvilon.
  1154 | D:3      | Found a sacrificial altar of Ru.
  1159 | D:3      | Became a worshipper of Ashenzari the Shackled
  1159 | D:3      | Reached * piety under Ashenzari
  1159 | D:3      | Reached ** piety under Ashenzari
  1630 | D:4      | Noticed WhatIsLove's ghost (amateur OpCj)
  1640 | D:4      | Killed WhatIsLove's ghost
  1640 | D:4      | Reached skill level 4 in Fighting
  1640 | D:4      | Reached skill level 5 in Unarmed Combat
  1640 | D:4      | Reached XP level 4. HP: 21/40 MP: 4/4
  1640 | D:4      | Reached XP level 5. HP: 24/46 MP: 5/5
  1831 | D:4      | Noticed an ogre
  1843 | D:4      | Mangled by an ogre

Vault maps used:
D:1:      shiori_arrival_elements
D:2:      dk_yredelemnul_ordeal
D:3:      minitemple
D:4:      gammafunk_pakellas_cloud_experiment, serial_shops, shop, st_stairs_13,
          fedhas_altar_fruit_tree, uniq_robin

Action                   |  1- 3 |  4- 6 || total
-------------------------+-------+-------++-------
Melee: Unarmed           |   114 |    17 ||   131
 Stab: Sleeping          |     4 |       ||     4
  Eat: Chunk             |     2 |     1 ||     3

Vault maps used:
D:1:      shiori_arrival_elements
D:2:      dk_yredelemnul_ordeal
D:3:      minitemple
D:4:      gammafunk_pakellas_cloud_experiment, serial_shops, shop, st_stairs_13,
          fedhas_altar_fruit_tree, uniq_robin

Table legend:
 A = Turns spent in this place as a percentage of turns spent in the entire game.
 B = Non-inter-level travel turns spent in this place as a percentage of non-inter-level travel turns spent in the entire game.
 C = Inter-level travel turns spent in this place as a percentage of turns spent in this place.
 D = Turns resting spent in this place as a percentage of non-inter-level travel turns spent in this place.
 E = Turns spent auto-exploring this place as a percentage of non-inter-level travel turns spent in this place.
 F = Non-inter-level travel turns spent in this place divided by the number of levels of this place that you've seen.
                   A       B       C       D       E      F
               +-------+-------+-------+-------+-------+----------------------
         Total | 100.0 | 100.0 |   1.3 |   0.5 |  19.3 |  93.2
       Dungeon | 100.0 | 100.0 |   1.3 |   0.5 |  19.3 |  93.2
               +-------+-------+-------+-------+-------+----------------------

Table legend:
 A = Kills in this place as a percentage of kills in entire the game.
 B = Kills by you in this place as a percentage of kills by you in the entire game.
 C = Kills by friends in this place as a percentage of kills by friends in the entire game.
 D = Other kills in this place as a percentage of other kills in the entire game.
 E = Experience gained in this place as a percentage of experience gained in the entire game.
 F = Experience gained in this place divided by the number of levels of this place that you have seen.
                   A       B       C       D       E      F
               +-------+-------+-------+-------+-------+----------------------
         Total | 100.0 | 100.0 |  -nan |  -nan | 100.0 |  69.8
       Dungeon | 100.0 | 100.0 |  -nan |  -nan | 100.0 |  69.8
               +-------+-------+-------+-------+-------+----------------------
